 Dungeon Crawl Stone Soup version 0.25-a0-435-g4b9beb1024 (webtiles) character file.

Game seed: 7635836629724525313, levelgen mode: deterministic

55 Emblim88 the Skirmisher (level 3, -1/49 HPs)
             Began as a Minotaur Abyssal Knight on Jan 27, 2020.
             Was a Follower of Lugonu.
             Succumbed to Jessica's poison
             ... on level 2 of the Dungeon.
             The game lasted 00:01:58 (883 turns).

Emblim88 the Skirmisher (Minotaur Abyssal Knight)    Turns: 883, Time: 00:01:59

Health: -1/49      AC: 21    Str: 17    XL:     3   Next: 67%
Magic:  3/3        EV:  2    Int:  9    God:    Lugonu [*.....]
Gold:   36         SH:  0    Dex:  9    Spells: 2/2 levels left

rFire    . . .     SeeInvis .   a - +2 falchion
rCold    . . .     Gourm    .   (no shield)
rNeg     + + +     Faith    .   (armour currently unavailable)
rPois    +         Spirit   .   (helmet currently unavailable)
rElec    .         Reflect  .   (cloak currently unavailable)
rCorr    .         Harm     .   (gloves currently unavailable)
MR       .....     NoTele   +   (boots currently unavailable)
Stlth    +.........             (no amulet)
HPRegen  0.16/turn              (no ring)
MPRegen  0.08/turn              (no ring)

@: lethally poisoned (-1 -> -9), tree-form (expiring), slowed, very slow
A: (retaliatory headbutt)
a: Depart the Abyss, Renounce Religion


You were on level 2 of the Dungeon.
You worshipped Lugonu.
Lugonu was aware of your devotion.
You were not hungry.
You were a tree.
You visited 1 branch of the dungeon, and saw 2 of its levels.
You visited the Abyss 1 time.

You collected 36 gold pieces.

Inventory:

Hand Weapons
 a - a +2 falchion (weapon)
Missiles
 e - 27 sling bullets
Armour
 b - a +0 leather armour
 f - a +0 scale mail (melded)
Jewellery
 i - a +5 ring of evasion
Scrolls
 d - a scroll of remove curse
 k - 2 scrolls of noise
Comestibles
 c - 2 rations
 n - 5 chunks of flesh


   Skills:
 + Level 4.1 Fighting
 + Level 3.0 Long Blades
 + Level 3.1 Armour
 + Level 2.0 Dodging
 + Level 2.3 Invocations


You had 2 spell levels left.
You didn't know any spells.
Your spell library was empty.

Dungeon Overview and Level Annotations

Branches:
Dungeon (2/15)

Altars:


Innate Abilities, Weirdness & Mutations

((You reflexively headbutt those who attack you in melee.))
((You have a pair of horns on your head.))


Message History

* * * LOW HITPOINT WARNING * * *
You feel sick.
As you read the scroll labeled WAIWKU VAROESO, it crumbles to dust.
It is a scroll of enchant weapon.
Your +1 falchion glows red for a moment.
* * * LOW HITPOINT WARNING * * *
You feel sick.
As you read the scroll labeled PONLARPHUEH, it crumbles to dust.
You hear a loud clanging noise!
It was a scroll of noise.
* * * LOW HITPOINT WARNING * * *
You feel sick.
You hear an angry hiss.
You hear a shout!
As you read the scroll labeled JOEXON GEYTH, it crumbles to dust.
The air around you briefly surges with heat, but it dissipates.
It was a scroll of immolation.
Your transformation is almost over.
* * * LOW HITPOINT WARNING * * *
You feel sick.
You die...

###########
#.........
#.[.....#
#.....).#
+....♣..#
#.......#
#...........#
###+#+#####.#


There were no monsters in sight!

Vanquished Creatures
  Jessica (D:2)
  A dart slug (D:1)
  A bat (D:1)
  2 giant cockroaches (D:1)
  4 goblins (D:1)
  2 hobgoblins (D:1)
  4 jackals (D:1)
  2 ball pythons (D:1)
  4 kobolds (D:1)
  3 rats (D:1)
24 creatures vanquished.

Notes
Turn   | Place    | Note
-------+----------+-------------------------------------------
     0 | Abyss:1  | Emblim88 the Minotaur Abyssal Knight began the quest for
                  | the Orb.
     0 | Abyss:1  | Reached XP level 1. HP: 19/19 MP: 1/1
     0 | Abyss:1  | Found a corrupted altar of Lugonu.
    23 | Abyss:1  | Found a corrupted altar of Lugonu.
    47 | Abyss:1  | Noticed a quasit
    48 | D:1      | Escaped the Abyss
   122 | D:1      | Reached * piety under Lugonu
   192 | D:1      | Reached XP level 2. HP: 26/27 MP: 2/2
   781 | D:1      | Reached XP level 3. HP: 25/33 MP: 3/3
   862 | D:2      | Noticed Jessica
   875 | D:2      | Killed Jessica
   875 | D:2      | Reached skill level 4 in Fighting
   880 | D:2      | HP: 2/49 [poisoned by Jessica]
   883 | D:2      | Succumbed to Jessica's poison

Levels and vault maps discovered:
D:1:      minmay_arrival_jagged, layout_basic, minmay_indecisive_spiral
D:2:      layout_basic, kennysheep_generic_room_6, uniq_jessica, uniq_robin

Skill      XL: |  1  2  3 |
---------------+----------+-----
Invocations    | 2 |  2.3
Fighting       | 4 |  4.1
Long Blades    | 3 |  3.0
Armour         | 3 |  3.1
Dodging        | 2 |  2.0

Action                   || total
-------------------------++-------
Melee: Falchion          ||    56
       Headbutt          ||     9
Invok: Depart the Abyss  ||     1
  Use: Scroll            ||     6
       Potion            ||     1
Armor: Scale mail        ||    21
Dodge: Dodged            ||    30
       Rpst.: Falchion   ||     8

Table legend:
 A = Non-vault XP
 B = Vault XP
 C = Vault XP percentage of total XP
 D = Non-vault monster count
 E = Vault monster count
 F = Vault count percentage of total count
                 A         B        C        D         E       F
            +---------+---------+-------+---------+---------+-------
      Total |      35 |      44 |  55.7 |      19 |       5 |  20.8
            +---------+---------+-------+---------+---------+-------
        D:1 |      35 |       7 |  16.7 |      19 |       4 |  17.4
        D:2 |       0 |      37 | 100.0 |       0 |       1 | 100.0
            +---------+---------+-------+---------+---------+-------
